Map: Proxima Station LE

Players

NightEnD - Winner!

  • Race: Protoss Protoss
  • Spawn Location: 7:00

FightingFrog

  • Race: Protoss Protoss
  • Spawn Location: 1:00

Event: WCS Jonkoping 2017

VOD

Have the link to the VOD?

Description

Time

  • Played on: June 17, 2017, 7:50 a.m.
  • Length: 5:03

All games in this series

Show
View Real Time Build Order
Export as new Build Order

NightEnD Protoss - Winner!

Build Orders:  

Get SALT Encoding   

  12  0:02  Probe (Chrono Boost)  
  13  0:12  Probe (Chrono Boost)  
  14  0:18  Pylon  
  14  0:23  Probe (Chrono Boost)  
  15  0:36  Probe (Chrono Boost)  
  15  0:38  Gateway  
  16  0:46  Probe (Chrono Boost)  
  17  0:50  Assimilator  
  18  0:57  Probe (Chrono Boost)  
  18  0:58  Assimilator  
  18  1:07  Probe (Chrono Boost)  
  19  1:18  Probe (Chrono Boost)  
  20  1:25  Cybernetics Core  
  20  1:29  Probe (Chrono Boost)  
  20  1:31  Pylon  
  21  1:39  Probe (Chrono Boost)  
  22  1:50  Probe (Chrono Boost)  
  23  2:01  Stalker (Chrono Boost)  
  23  2:02  Warp Gate (Chrono Boost)  
  27  2:15  Pylon  
  25  2:18  Robotics Facility  
  25  2:27  Stalker (Chrono Boost)  
  27  2:36  Mothership Core  
  29  2:58  Gateway  
  31  2:59  Gateway  
  31  3:03  Gateway  
  29  3:08  Warp Prism  
  31  3:17  Stalker (Chrono Boost)  
  33  3:24  Pylon  
  33  3:56  Pylon  
  33  3:57  Stalker  
  33  4:01  Stalker x2  
  35  4:20  Observer (Chrono Boost)  
  36  4:27  Stalker x4  
  44  4:51  Stalker x2  
  44  4:52  Stalker x2  
Show
View Real Time Build Order
Export as new Build Order

FightingFrog Protoss 

Build Orders: Phoenix Opening 

Get SALT Encoding   

  12  0:01  Probe (Chrono Boost)  
  13  0:13  Probe (Chrono Boost)  
  14  0:18  Pylon  
  14  0:23  Probe (Chrono Boost)  
  15  0:28  Assimilator  
  15  0:36  Probe (Chrono Boost)  
  16  0:44  Gateway  
  16  0:47  Probe (Chrono Boost)  
  17  0:55  Assimilator  
  17  0:58  Probe (Chrono Boost)  
  18  1:08  Probe (Chrono Boost)  
  19  1:15  Gateway  
  19  1:19  Probe (Chrono Boost)  
  20  1:29  Probe (Chrono Boost)  
  21  1:33  Cybernetics Core  
  22  1:40  Probe (Chrono Boost)  
  22  1:50  Pylon, Probe (Chrono Boost)  
  23  2:08  Probe (Chrono Boost)  
  24  2:17  Nexus  
  24  2:23  Mothership Core (Chrono Boost)  
  24  2:27  Warp Gate (Chrono Boost)  
  26  2:33  Stalker  
  28  2:42  Stalker  
  30  2:45  Probe (Chrono Boost)  
  31  2:51  Pylon  
  31  2:56  Probe (Chrono Boost)  
  31  3:05  Stargate  
  31  3:10  Probe (Chrono Boost)  
  32  3:15  Stalker  
  34  3:20  Probe (Chrono Boost)  
  34  3:25  Pylon  
  35  3:31  Probe (Chrono Boost)  
  36  3:35  Probe (Chrono Boost)  
  38  3:41  Probe (Chrono Boost)  
  38  3:46  Probe (Chrono Boost)  
  41  3:50  Phoenix (Chrono Boost)  
  41  3:52  Probe  
  42  3:55  Probe  
  42  4:00  Sentry  
  45  4:04  Probe (Chrono Boost)  
  45  4:06  Stargate  
  45  4:08  Probe (Chrono Boost)  
  47  4:15  Probe (Chrono Boost)  
  48  4:19  Probe (Chrono Boost)  
  49  4:25  Probe (Chrono Boost), Robotics Facility  
  49  4:29  Phoenix  
  53  4:31  Probe (Chrono Boost)  
  53  4:36  Probe (Chrono Boost)  
  50  4:38  Stalker  
  46  4:45  Probe (Chrono Boost)  
  46  4:48  Stalker  
  46  4:50  Probe (Chrono Boost)  
Tags
 
Add a new tag
Caveats
  • Supply blocks, unpowered buildings, or Contaminate may cause inaccurate times.
  • Supply counts are checked every 10 seconds.